 Dungeon Sprint DCSS version 0.32-a0-571-gec57dfcd37 (webtiles) character file.

Game seed: 6027809894599168424

4144 rocky1 the Severer (level 10, -5/97 HPs)
             Began as a Mountain Dwarf Fighter on Mar 1, 2024.
             Was an Initiate of Gozag.
             Slain by a freezing wraith (10 damage)
             ... while petrified by a catoblepas
             ... in the Dungeon (Sprint VII: "The Pits").
             The game lasted 00:05:33 (2092 turns).

rocky1 the Severer (Mountain Dwarf Fighter)         Turns: 2092, Time: 00:05:33

Health: -5/97      AC: 17    Str: 21    XL:     10   Next: 7%
Magic:  10/10      EV:  2    Int: 11    God:    Gozag
Gold:   2817       SH:  0    Dex:  9    Spells: 9/9 levels left

rFire   . . .        s - +1 broad axe (freeze)
rCold   . . .        b - +2 buckler
rNeg    + + +        u - +4 chain mail
rPois   ∞            (no helmet)
rElec   .            (no cloak)
rCorr   .            (no gloves)
SInv    .            t - +0 pair of boots
Will    +....        (no amulet) Stlth
                     p - +3 ring of evasion
HPRegen 0.36/turn    q - +3 ring of evasion
MPRegen 0.12/turn

%: no teleportation
@: petrified, slowed
A: runic magic, artefact enchanting
a: Renounce Religion, Potion Petition, Call Merchant, Bribe Branch


You were in the Dungeon.
You worshipped Gozag.
Gozag was most pleased with you.
You visited 1 branch You collected 2817 gold pieces.

Inventory:

Hand Weapons
 a - a +2 heavy morningstar
 s - a +1 broad axe of freezing (weapon)
Armour
 b - a +2 buckler (worn)
 t - a +0 pair of boots (worn)
 u - a +4 chain mail (worn)
Jewellery
 p - a +3 ring of evasion (left hand)
 q - a +3 ring of evasion (right hand)
Scrolls
 l - 2 scrolls of vulnerability
 m - 5 scrolls of amnesia
 n - a scroll of summoning
Potions
 d - a potion of might
 e - 7 potions of curing
 f - 11 potions of heal wounds
 g - 2 potions of haste
 h - 4 potions of magic
 i - a potion of berserk rage
 r - a potion of mutation


   Skills:
 + Level 12.1 Fighting
 - Level 18.0 Axes
 + Level 12.0 Armour
 + Level 12.0 Shields


You had 9 spell levels left.
You didn't know any spells.
Your spell library was empty.

Dungeon Overview and Level Annotations

Branches:
Dungeon (1/1)

Altars:
Ashenzari
Cheibriados
Dithmenos
Elyvilon
Fedhas
Gozag
Hepliaklqana
Kikubaaqudgha
Makhleb
Nemelex Xobeh
Okawaru
Qazlal
Ru
Sif Muna
Trog
Uskayaw
Vehumet
Wu Jian
Xom
Yredelemnul
Zin
The Shining One
Beogh
Jiyva
Lugonu


Innate Abilities, Weirdness & Mutations

Your spellcasting is much less encumbered by armour.
You can use scrolls of enchantment on lesser artefacts.


Message History

The shadow strikes at you from the darkness!
Reactivating autopickup.
The catoblepas gores you but does no damage.
The freezing wraith hits you! The freezing wraith freezes you!
The freezing wraith hits you but does no damage.
You have turned to stone.
The freezing wraith hits you but does no damage. x2
The shadow hits you. The catoblepas gores you. The freezing wraith hits you!
The freezing wraith freezes you! The freezing wraith hits you.
The freezing wraith drains your vigour!
You feel yourself slow down. The shadow hits you.
The catoblepas breathes a plume of calcifying dust at you.
The blast of calcifying dust hits you.
You are engulfed in calcifying dust.
The freezing wraith hits you. The freezing wraith freezes you!!
* * * LOW HITPOINT WARNING * * *
The freezing wraith hits you but does no damage.
The shadow hits you. The catoblepas gores you!
* * * LOW HITPOINT WARNING * * *
You are engulfed in calcifying dust.
The shadow hits you.
The catoblepas gores you but does no damage.
The freezing wraith hits you.
* * * LOW HITPOINT WARNING * * *
The freezing wraith freezes you!
* * * LOW HITPOINT WARNING * * *
The freezing wraith hits you!
* * * LOW HITPOINT WARNING * * *
You are engulfed in calcifying dust.
The shadow hits you.
* * * LOW HITPOINT WARNING * * *
The catoblepas gores you but does no damage.
The freezing wraith hits you.
* * * LOW HITPOINT WARNING * * *
The freezing wraith freezes you!
* * * LOW HITPOINT WARNING * * *
The freezing wraith hits you but does no damage.
The shadow hits you. The freezing wraith hits you.
* * * LOW HITPOINT WARNING * * *
The freezing wraith freezes you!!
You die...
Your body crumbles into a pile of gold.

#################+#
..................#
.....)............#
++##############..#
#WY# #@W# #..# #..#
#..# #..# #..# #..#
#..#


You could see a catoblepas, a freezing wraith and a shadow.

Vanquished Creatures
  An alligator snapping turtle (D)
  A merfolk avatar (D)
  A demonic crawler (D)
  A deep elf knight (D)
  A swamp dragon (D)
  A lindwurm (D)
  A rime drake (D)
  A hellwing (D)
  A redback (D)
  A water moccasin (D)
  A scorpion (D)
  A gnoll sergeant (D)
  A gnoll bouda (D)
  2 quasits (D)
  2 orc priests (D)
  6 gnolls (D)
  A river rat (D)
  2 ufetubi (D)
  A dart slug (D)
  A ribbon worm (D)
  4 orcs (D)
  2 bat zombies (D)
  7 jackals (D)
  A bat (D)
  4 frilled lizards (D)
46 creatures vanquished.

Notes
Turn   | Place    | Note
-------+----------+-------------------------------------------
     0 | D        | rocky1 the Mountain Dwarf Fighter began the quest for the
                  | Orb.
     0 | D        | Reached XP level 1. HP: 19/19 MP: 1/1
    17 | D        | Reached skill level 3 in Axes
    43 | D        | Found a bloodstained altar of Trog.
    43 | D        | Found a shimmering blue altar of Sif Muna.
    43 | D        | Found a viscous altar of Jiyva.
    43 | D        | Found a hazy altar of Hepliaklqana.
    43 | D        | Found an opulent altar of Gozag.
    44 | D        | Found a glowing golden altar of the Shining One.
    44 | D        | Found a glowing silver altar of Zin.
    44 | D        | Found a basalt altar of Yredelemnul.
    44 | D        | Found a shimmering altar of Xom.
    44 | D        | Found an ornate altar of the Wu Jian Council.
    44 | D        | Found a sacrificial altar of Ru.
    44 | D        | Found a stormy altar of Qazlal.
    44 | D        | Found an iron altar of Okawaru.
    44 | D        | Found a sparkling altar of Nemelex Xobeh.
    44 | D        | Found a burning altar of Makhleb.
    44 | D        | Found a blossoming altar of Fedhas.
    44 | D        | Found a white marble altar of Elyvilon.
    44 | D        | Found a shadowy altar of Dithmenos.
    44 | D        | Found a snail-covered altar of Cheibriados.
    46 | D        | Found a radiant altar of Vehumet.
    46 | D        | Found a corrupted altar of Lugonu.
    46 | D        | Found a roughly hewn altar of Beogh.
    47 | D        | Found a hide-covered altar of Uskayaw.
    47 | D        | Found an ancient bone altar of Kikubaaqudgha.
    47 | D        | Found a broken altar of Ashenzari.
    51 | D        | Became a worshipper of Gozag Ym Sagoz the Greedy
   166 | D        | Reached skill level 4 in Axes
   272 | D        | Noticed a scorpion
   275 | D        | Reached skill level 5 in Axes
   275 | D        | Reached XP level 2. HP: 20/26 MP: 2/2
   278 | D        | Killed a scorpion
   279 | D        | Reached skill level 9 in Axes
   279 | D        | Reached XP level 3. HP: 13/31 MP: 3/3
   279 | D        | Reached XP level 4. HP: 17/38 MP: 4/4
   585 | D        | Reached skill level 10 in Axes
   787 | D        | Reached skill level 11 in Axes
   800 | D        | Reached skill level 12 in Axes
   800 | D        | Reached XP level 5. HP: 22/45 MP: 5/5
   807 | D        | Reached skill level 13 in Axes
   939 | D        | Noticed a water moccasin
   949 | D        | Killed a water moccasin
   950 | D        | Reached skill level 15 in Axes
   950 | D        | Reached XP level 6. HP: 48/51 MP: 6/6
   995 | D        | Reached skill level 16 in Axes
  1142 | D        | Noticed a hellwing
  1142 | D        | Noticed a lindwurm
  1153 | D        | Killed a lindwurm
  1154 | D        | Reached skill level 18 in Axes
  1154 | D        | Reached skill level 5 in Fighting
  1154 | D        | Reached skill level 5 in Armour
  1154 | D        | Reached skill level 5 in Shields
  1154 | D        | Reached XP level 7. HP: 61/61 MP: 7/7
  1185 | D        | Killed a hellwing
  1186 | D        | Reached XP level 8. HP: 34/71 MP: 8/8
  1324 | D        | Noticed a rime drake
  1332 | D        | Killed a rime drake
  1371 | D        | Noticed a demonic crawler
  1371 | D        | Noticed an alligator snapping turtle
  1371 | D        | Noticed a swamp dragon
  1382 | D        | Killed a swamp dragon
  1384 | D        | Killed a demonic crawler
  1385 | D        | Reached XP level 9. HP: 45/85 MP: 9/9
  1391 | D        | HP: 1/127 [alligator snapping turtle (22)]
  1393 | D        | Killed an alligator snapping turtle
  1394 | D        | Reached skill level 10 in Fighting
  1394 | D        | Reached skill level 10 in Armour
  1394 | D        | Reached skill level 10 in Shields
  1659 | D        | Noticed a merfolk avatar
  1693 | D        | Killed a merfolk avatar
  1721 | D        | Noticed a deep elf knight
  1736 | D        | Killed a deep elf knight
  1737 | D        | Reached XP level 10. HP: 13/97 MP: 10/10
  2079 | D        | Noticed a catoblepas
  2092 | D        | Slain by a freezing wraith

Illustrated notes

Levels and vault maps discovered:
D:        pitsprint [storerooms_1, entrance_room_1, metal_vault_1, armoury_1,
          mini_pit_1, grid_room_1, main_hall_1, silver_pit, the_coven_3,
          the_vestibule_1, steel_vault_3, golden_pit, hallway_of_sentries,
          crystal_vault_6, iron_vault_4, final_vault]

Skill      XL: |  1  2  3  4  5  6  7  8  9 |
---------------+----------------------------+-----
Axes           | 5 9 12 15 18 | 18.0
Fighting       | 5 6 9 12 | 12.1
Armour         | 5 6 9 12 | 12.0
Shields        | 5 6 9 12 | 12.0

Action                     |  1- 3 |  4- 6 |  7- 9 | 10-12 || total
---------------------------+-------+-------+-------+-------++-------
  Melee: War axe           |    12 |   109 |    28 |       ||   149
         Broad axe         |       |       |    68 |     3 ||    71
    Use: Potion            |       |     2 |     5 |       ||     7
         Scroll            |       |       |     1 |       ||     1
   Stab: Invisible         |       |     1 |     5 |       ||     6
         Distracted        |       |       |     1 |       ||     1
 Armour: Scale mail        |     9 |    21 |       |       ||    30
         Plate armour      |       |    91 |    29 |       ||   120
         Chain mail        |       |       |    36 |    33 ||    69
  Dodge: Dodged            |     5 |    37 |    25 |     3 ||    70
  Block: Buckler           |     3 |    23 |    32 |     5 ||    63

Table legend: (Time is in decaauts)
 A = Elapsed time spent in this place.
 B = Non-inter-level travel time spent in this place.
 C = Inter-level travel time spent in this place.
 D = Time resting spent in this place.
 E = Time spent auto-exploring this place.
 F = Levels seen in this place.
 G = Mean time per level.
                   A        B        C        D        E       F      G
               +--------+--------+--------+--------+--------+-----+--------+
         Total |   2076 |   2019 |     57 |   1385 |      0 |   1 | 2076.0 |
       Dungeon |   2076 |   2019 |     57 |   1385 |      0 |   1 | 2076.0 |
               +--------+--------+--------+--------+--------+-----+--------+

Top non-repeatable levels by time:
       D: 2076 daAuts
